 Dungeon Crawl Stone Soup version 0.30-a0-881-g1ff12e1e11 (webtiles) character file.

Game seed: 6756987220177609118

83 Firecrotchwizard the Ruffian (level 4, -5/45 HPs)
             Began as a Troll Fighter on Mar 14, 2023.
             Was an Initiate of Okawaru.
             Slain by a scorpion (7 damage)
             ... on level 3 of the Dungeon.
             The game lasted 00:03:19 (2720 turns).

Firecrotchwizard the Ruffian (Troll Fighter)        Turns: 2720, Time: 00:03:19

Health: -5/45      AC:  4    Str: 24    XL:     4   Next: 22%
Magic:  3/3        EV:  9    Int:  6    God:    Okawaru [......]
Gold:   222        SH:  8    Dex: 15    Spells: 3/3 levels left

rFire   . . .      SeeInvis .      - Unarmed
rCold   . . .      Faith    .    b - +0 kite shield
rNeg    . . .      Spirit   .    a - +0 robe
rPois   .          Reflect  .    (helmet restricted)
rElec   .          Rampage  .    (no cloak)
rCorr   .                        (gloves unavailable)
Will    .....                    (boots unavailable)
Stlth   +                        (no amulet)
HPRegen 1.07/turn                p - +6 ring of dexterity
MPRegen 0.08/turn                (no ring)

@: lethally poisoned (-5 -> -6)
A: large, unfitting armour, claws 3, regeneration 1, shaggy fur 1, tough skin 1
a: Renounce Religion


You were on level 3 of the Dungeon.
You worshipped Okawaru.
Okawaru was noncommittal.
You visited 1 branch of the dungeon, and saw 4 of its levels.

You collected 222 gold pieces.

Inventory:

Missiles
 s - 8 stones (quivered)
Armour
 a - a +0 robe (worn)
 b - a +0 kite shield (worn)
Jewellery
 p - a +6 ring of dexterity (left claw)
   (You found it on level 1 of the Dungeon)
Wands
 q - a wand of flame (16)
   (You found it on level 3 of the Dungeon)
Scrolls
 f - a scroll of teleportation {unknown}
 g - a scroll of butterflies {unknown}
 i - 4 scrolls of identify {unknown}
 m - a scroll of enchant weapon {unknown}
 o - a scroll of noise {unknown}
Potions
 c - a potion of heal wounds {unknown}
 d - 2 potions of degeneration {unknown}
 e - 3 potions of curing {unknown}
 h - a potion of resistance {unknown}
 j - a potion of brilliance {unknown}
 k - a potion of cancellation {unknown}
 l - a potion of ambrosia {unknown}
 n - a potion of haste {unknown}
 r - a potion of flight {unknown}
 M - a potion of might


   Skills:
 + Level 3.1 Fighting
 - Level 2.4 Dodging
 - Level 2.6 Shields
 * Level 3.9 Unarmed Combat


You had 3 spell levels left.
You didn't know any spells.
Your spell library contained the following spells:

 Spells                   Type           Power      Damage    Failure   Level
 Leda's Liquefaction      Hex/Erth       0%         N/A       100%        4
 Lee's Rapid Deconstruct  Erth           0%         3d4*      100%        5
 Statue Form              Tmut/Erth      0%         N/A       100%        6


Dungeon Overview and Level Annotations

Branches:
Dungeon (4/15)
 Temple: D:4-7

Altars:
Okawaru

Shops:
D:2 ==*[


Innate Abilities, Weirdness & Mutations

You are too large for most types of armour.
You have claws for hands.
Your natural rate of healing is unusually fast.
You are covered in fur. (AC +1)
You have tough skin. (AC +1)


Message History

No target in view!
q - a wand of flame (16);
r - a lumpy puce potion
s - 12 stones (gained 2)
Found a stone staircase leading up.
A quokka comes into view.
You throw a stone.
The stone hits the quokka but does no damage.
You throw a stone. The stone closely misses the quokka.
You throw a stone. The stone barely misses the quokka.
You throw a stone.
The stone hits the quokka but does no damage.
You scratch the quokka but do no damage.
You block the quokka's attack.
You scratch the quokka. The quokka bites you. You block the quokka's attack.
You take 1 damage, and have 36/37 hp.
You scratch the quokka.
You kill the quokka!
Okawaru accepts your kill.
Health restored: 37 No target in view!
Found an escape hatch in the floor.
e - 3 green potions (gained 1)
There is an escape hatch in the floor here.
Found an escape hatch in the ceiling.
There is an escape hatch in the ceiling here.
There is an escape hatch in the ceiling here.
There is an escape hatch in the floor here.
There is a stone staircase leading down here.
Done exploring.
Done exploring.
(D) Dungeon
Where to? (Enter - D:3, ? - help)
Okay, then.
(D) Dungeon
Where to? (Enter - D:3, ? - help)
Okay, then.
Unknown command.
(D) Dungeon
Where to? (Enter - D:3, ? - help)
There is a stone staircase leading down here.
You climb downwards.
The gnoll shouts! x2; You hear a shout!
The gnoll shouts!
You hear an angry hiss.
The gnoll shouts!
There is a stone staircase leading up here.
There are monsters nearby!
The gnoll closely misses you. You block the gnoll's attack.
You climb upwards.
There is a stone staircase leading down here.
You claw the gnoll! The gnoll closely misses you. The gnoll barely misses you.
You scratch the gnoll.
You kill the gnoll!
Okawaru accepts your kill. You block the gnoll's attack.
You have reached level 4!
Health restored: 45; MP restored: 3 You scratch the gnoll.
The gnoll barely misses you.
You scratch the gnoll. You block the gnoll's attack.
You barely miss the gnoll. The gnoll hits you with a +0 club.
You take 2 damage, and have 43/45 hp.
You barely miss the gnoll. The gnoll hits you with a +0 club.
You take 2 damage, and have 41/45 hp.
You claw the gnoll!
You kill the gnoll!
Okawaru accepts your kill.
No target in view!
You climb downwards.
You block the goblin's attack. You block the gnoll's attack. x2
There is a stone staircase leading up here.
Health restored: 45 You barely miss the gnoll.
You block the goblin's attack. You block the gnoll's attack.
The gnoll hits you with a +0 whip.
You take 5 damage, and have 40/45 hp.
You closely miss the gnoll. The goblin misses you.
You block the gnoll's attack. x2
You scratch the gnoll. The goblin hits you with a +0 club.
The gnoll hits you with a +0 flail! You block the gnoll's attack.
You take 13 damage, and have 28/45 hp.
MASSIVE DAMAGE!!
The scorpion stings you.
You are poisoned.
The scorpion poisons you! The goblin closely misses you.
You block the gnoll's attack. The gnoll hits you with a +0 whip.
The scorpion barely misses you.
You climb upwards.
You feel very sick.
There is a stone staircase leading down here.
You take 8 damage, and have 20/45 hp.
You scratch the gnoll.
You feel sick. You block the gnoll's attack.
The goblin hits you with a +0 club. The gnoll hits you with a +0 whip!
* * * LOW HITPOINT WARNING * * *
You block the scorpion's attack.
You take 10 damage, and have 10/45 hp.
MASSIVE DAMAGE!!
You claw the gnoll!
You kill the gnoll!
Okawaru accepts your kill.
You feel sick. The gnoll hits you with a +0 flail!
* * * LOW HITPOINT WARNING * * *
The goblin hits you but does no damage. The scorpion stings you!
You die...

###########
#.........#
#.#######.# #.#
#.# #.# #.# #.#
##.## #.#
##..g####### #.#
#...s@)....# #.#
#...g#####.# #
#.#####.#.##
#.###########
######.........#
#............
...........#.###
#..##########
##...........#
#..# #
##.######....##
#..# #
##.####.......#
#..# #
..............#
#..# #


You could see a scorpion, a gnoll and a goblin.

Vanquished Creatures
  3 gnolls (D:3)
  An adder (D:3)
  A dart slug (D:1)
  An orc (D:3)
  4 bats
  3 endoplasms
  2 giant cockroaches
  6 goblins
  4 hobgoblins
  2 jackals (D:1)
  5 kobolds
  2 quokkas
  6 ball pythons
  5 frilled lizards
  6 rats
51 creatures vanquished.

Notes
Turn   | Place    | Note
-------+----------+-------------------------------------------
     0 | D:1      | Firecrotchwizard the Troll Fighter began the quest for the
                  | Orb.
     0 | D:1      | Reached XP level 1. HP: 22/22 MP: 0/0
   152 | D:1      | Reached XP level 2. HP: 27/29 MP: 1/1
   417 | D:1      | Reached skill level 3 in Unarmed Combat
   740 | D:2      | Found Pabuhepu's Jewellery Boutique.
   740 | D:2      | Found Caod's Assorted Antiques.
   774 | D:2      | Reached XP level 3. HP: 36/36 MP: 2/2
   856 | D:2      | Found Qoilumof's Antique Armour Emporium.
  1630 | D:2      | Found Ruh Pos's Jewellery Shoppe.
  2222 | D:3      | Reached skill level 3 in Fighting
  2250 | D:3      | Found an iron altar of Okawaru.
  2266 | D:3      | Became a worshipper of Warmaster Okawaru
  2707 | D:3      | Reached XP level 4. HP: 45/45 MP: 3/3
  2713 | D:4      | Noticed a scorpion
  2719 | D:3      | HP: 10/45 [gnoll/+0 whip (7)]
  2720 | D:3      | HP: 2/45 [gnoll/+0 flail (7)]
  2720 | D:3      | Slain by a scorpion

Illustrated notes

Levels and vault maps discovered:
D:1:      tarquinn_simple_flora_water_d, layout_loops_cross
D:2:      layout_loops_cross, serial_co_window_serial, co_window_paths_a,
          co_window_paths_a, co_window_paths_a, co_window_corner_a,
          co_window_corner_a, co_window_corner_a, co_window_unsneaky_path_e,
          co_window_unsneaky_path_a, co_window_of_opportunity_c,
          co_window_broadway_b, co_window_4corner_b, glass_columns_a,
          serial_shops, shop, shop, shop, shop_fountains,
          chequers_serial_rivers_room_a
D:3:      layout_loops_ring, okawaru_ov_weapons_minmay,
          kennysheep_generic_room_12
D:4:      layout_cave_pods, zin_purify, bloody_trog, elyvilon_altar_3

Skill      XL: |  1  2  3 |
---------------+----------+-----
Unarmed Combat | 3 |  3.9
Fighting       | 3 |  3.1
Dodging        | |  2.4
Shields        | |  2.6

Action                     |  1- 3 |  4- 6 || total
---------------------------+-------+-------++-------
  Melee: Unarmed           |   108 |    10 ||   118
  Throw: Stone             |    56 |       ||    56
   Stab: Sleeping          |     2 |       ||     2
 Armour: Robe              |    20 |     1 ||    21
  Dodge: Dodged            |    29 |     4 ||    33
  Block: Kite shield       |    35 |    12 ||    47

Table legend: (Time is in decaauts)
 A = Elapsed time spent in this place.
 B = Non-inter-level travel time spent in this place.
 C = Inter-level travel time spent in this place.
 D = Time resting spent in this place.
 E = Time spent auto-exploring this place.
 F = Levels seen in this place.
 G = Mean time per level.
                   A        B        C        D        E       F      G
               +--------+--------+--------+--------+--------+-----+--------+
         Total |   2741 |   2629 |    112 |      0 |   2271 |   4 |  685.2 |
       Dungeon |   2741 |   2629 |    112 |      0 |   2271 |   4 |  685.2 |
               +--------+--------+--------+--------+--------+-----+--------+

Top non-repeatable levels by time:
     D:2: 1256 daAuts
     D:1: 746 daAuts
     D:3: 731 daAuts
     D:4: 7 daAuts

Table legend:
 A = Kills in this place as a percentage of kills in the entire game.
 B = Kills by you in this place as a percentage of kills by you in the entire game.
 C = Kills by friends in this place as a percentage of kills by friends in the entire game.
 D = Other kills in this place as a percentage of other kills in the entire game.
 E = Experience gained in this place as a percentage of experience gained in the entire game.
 F = Experience gained in this place divided by the number of levels of this place that you have seen.
                   A       B       C       D       E      F
               +-------+-------+-------+-------+-------+----------------------
         Total | 100.0 | 100.0 |   N/A |   N/A | 100.0 |  33.2
       Dungeon | 100.0 | 100.0 |   N/A |   N/A | 100.0 |  33.2
               +-------+-------+-------+-------+-------+----------------------
